 Dungeon Crawl Stone Soup version 0.31-a0-1237-gabc64e778c (webtiles) character file.

Game seed: 10538947753329968938

18 jestert79 the Slasher (level 2, 0/22 HPs)
             Began as a Vampire Gladiator on Dec 15, 2023.
             Slain by Terence
             ... wielding a +5 short sword of speed
              (1 damage)
             ... on level 2 of the Dungeon.
             The game lasted 00:02:10 (1022 turns).

jestert79 the Slasher (Vampire Gladiator)           Turns: 1022, Time: 00:02:12

Health: 0/22       AC:  4    Str: 13    XL:     2   Next: 48%
Magic:  2/2        EV: 12    Int: 10    God:
Gold:   41         SH:  0    Dex: 15    Spells: 1/1 levels left

rFire   . . .        a - +0 long sword
rCold   . . .        (no shield)
rNeg    . . .        b - +0 leather armour
rPois   .            c - +0 helmet
rElec   .            (no cloak)
rCorr   .            (no gloves)
SInv    +            (no boots)
Will    .....        (no amulet)
Stlth   ++           (no ring)
HPRegen 0.43/turn    (no ring)
MPRegen 0.08/turn

%: no passive effects
@: healing quickly
A: alive, fangs 3, see invisible, vampiric 1
a: Exsanguinate


You were on level 2 of the Dungeon.
You visited 1 branch of the dungeon, and saw 3 of its levels.

You collected 41 gold pieces.

Inventory:

Hand Weapons
 a - a +0 long sword (weapon)
 h - a +0 sling
Missiles
 d - 3 throwing nets (quivered)
 e - 3 javelins
 g - 6 poisoned darts
Armour
 b - a +0 leather armour (worn)
 c - a +0 helmet (worn)
Scrolls
 j - a scroll of noise {unknown}
 l - a scroll of enchant armour {unknown}
Potions
 f - a potion of brilliance {unknown}
 i - a potion of heal wounds {unknown}
 k - a potion of ambrosia {unknown}


   Skills:
 - Level 1.7 Fighting
 + Level 3.4 Long Blades
 - Level 1.5 Throwing
 - Level 3.2 Dodging
 + Level 2.4 Stealth


You had one spell level left.
You didn't know any spells.
Your spell library contained the following spells:

 Spells                   Type           Power      Damage    Failure   Level
 Magic Dart               Conj           0%         1d3       43%         1
 Sting                    Tmut/Pois      0%         1d3       43%         1
 Lesser Beckoning         Tloc           0%         N/A       58%         2
 Poisonous Vapours        Pois/Air       0%         N/A       58%         2
 Searing Ray              Conj           0%         2d4       58%         2
 Gell's Gravitas          Tloc           0%         N/A       82%         3
 Teleport Other           Tloc           0%         N/A       82%         3
 Fulminant Prism          Conj/Hex       0%         3d5       99%         4
 Olgreb's Toxic Radiance  Pois           0%         N/A       99%         4


Dungeon Overview and Level Annotations

Branches:
Dungeon (3/15)

Altars:

Annotations:
D:2 Terence


Innate Abilities, Weirdness & Mutations

Your natural rate of healing is accelerated.
You have razor-sharp teeth.
You have supernaturally acute eyesight. (SInv)
You are afflicted with vampirism.


Message History

No target in view!
No target in view!
No target in view!
l - a scroll labelled QIFAVUL PIBOA A bat comes into view.
Okay, then.
Unknown command.
Okay, then.
Unknown command.
You hit the bat.
You kill the bat!
No target in view!
No target in view!
You see here a bat corpse.
An orc comes into view. It is wielding a +0 trident.
An orc is nearby!
Terence shouts!
The orc shouts!
There is a stone staircase leading up here.
Terence hits you with a +5 short sword of speed. x2
You climb upwards.
There is a stone staircase leading down here.
You hit Terence but do no damage. Terence misses you.
You slash Terence!
Terence is heavily wounded.
Terence says, "How do you enjoy it?"
Terence hits you with a +5 short sword of speed.
Terence says, "How do you enjoy it?"
Terence hits you with a +5 short sword of speed.
You are too injured to fight recklessly!
You are too injured to fight recklessly!
You are too injured to fight recklessly!
You are too injured to fight recklessly!
You hit Terence but do no damage.
Terence is heavily wounded.
Terence hits you with a +5 short sword of speed!
* * * LOW HITPOINT WARNING * * *
Terence hits you with a +5 short sword of speed.
You die...
Terence says, "That felt goooood."

.<...#.############
.....#............#
.....############.#
.........# #.# .........# #.#
#........# #.#
#........########.#
#...............#.###########
................@...........#
...........####.#@#########.#
#.########.# #.#....# #.#
......# ##.####.#.##.# #)#
......# #....##.#..#.# #.#
.########.......#..#.# #.#
........+.......#..#.# #.#
.##....##....#.##..#.# #.#
.##....##....#.##..#.# #.#


You could see Terence.

Vanquished Creatures
  2 endoplasms (D:1)
  A hobgoblin (D:3)
  A quokka (D:2)
  3 ball pythons
  4 bats
  A goblin (D:3)
  4 kobolds
  3 rats
19 creatures vanquished.

Notes
Turn   | Place    | Note
-------+----------+-------------------------------------------
     0 | D:1      | jestert79 the Vampire Gladiator began the quest for the
                  | Orb.
     0 | D:1      | Reached XP level 1. HP: 16/16 MP: 1/1
    86 | D:1      | Reached skill level 1 in Stealth
   121 | D:1      | You fall into a shaft and drop 1 floor!
   537 | D:2      | Reached XP level 2. HP: 22/22 MP: 2/2
   837 | D:3      | Noticed Terence
  1022 | D:2      | HP: 1/22 [Terence/+5 short sword of speed (7)]
  1022 | D:2      | Slain by Terence

Illustrated notes

Levels and vault maps discovered:
D:1:      amcnicky_arrival_double_pillar, layout_basic, serial_shops, shop,
          chequers_big_river
D:2:      layout_basic
D:3:      layout_basic, nrook_campfire, uniq_terence, uniq_natasha

Skill      XL: |  1  2 |
---------------+-------+-----
Stealth        | 1 2 |  2.4
Fighting       | |  1.7
Long Blades    | |  3.4
Throwing       | |  1.5
Dodging        | |  3.2

Action                     || total
---------------------------++-------
  Melee: Long sword        ||    39
         Bite              ||     1
   Stab: Sleeping          ||     4
 Armour: Leather armour    ||    22
  Dodge: Dodged            ||    23

Table legend: (Time is in decaauts)
 A = Elapsed time spent in this place.
 B = Non-inter-level travel time spent in this place.
 C = Inter-level travel time spent in this place.
 D = Time resting spent in this place.
 E = Time spent auto-exploring this place.
 F = Levels seen in this place.
 G = Mean time per level.
                   A        B        C        D        E       F      G
               +--------+--------+--------+--------+--------+-----+--------+
         Total |   1031 |    977 |     54 |      0 |    796 |   3 |  343.7 |
       Dungeon |   1031 |    977 |     54 |      0 |    796 |   3 |  343.7 |
               +--------+--------+--------+--------+--------+-----+--------+

Top non-repeatable levels by time:
     D:2: 758 daAuts
     D:3: 149 daAuts
     D:1: 123 daAuts
